 Dungeon Crawl Stone Soup version 0.19.0-19-g8c6edcc (webtiles) character file.

13567 mmcf the Grappler (level 12, -9/113 HPs)
             Began as a Ghoul Monk on Nov 13, 2016.
             Was an Elder of Cheibriados.
             Mangled by a five-headed hydra (12 damage)
             ... on level 1 of the Lair of Beasts.
             The game lasted 00:34:46 (14835 turns).

mmcf the Grappler (Ghoul Monk)                     Turns: 14835, Time: 00:34:46

Health: -9/113     AC: 16    Str: 26    XL:     12   Next: 7%
Magic:  7/16       EV: 13    Int: 16    God:    Cheibriados [****..]
Gold:   553        SH:  0    Dex: 21    Spells: 0 memorised, 11 levels left

rFire  x . .     SeeInvis .     K - +2 flail (crush)
rCold  + + +     Gourm    .     k - +1 ice dragon scales
rNeg   + + +     Faith    .     (no shield)
rPois  ∞         Spirit   .     I - +0 hat
rElec  .         Reflect  .     r - +0 cloak
rCorr  .         Harm     .     (no gloves)
MR     .....                    E - +0 pair of boots
Stlth  +.........               (no amulet)
                                (no ring)
                                e - +1 ring of evasion

@: rotting, studying 2 skills, very slow
A: rotting body, claws 1, carnivore 3, cold resistance 1, negative energy
resistance 3, slow regeneration 1, torment resistance, unbreathing
a: Bend Time, Temporal Distortion, Slouch, Renounce Religion


You were on level 1 of the Lair of Beasts.
You worshipped Cheibriados.
Cheibriados was greatly pleased with you.
You were not hungry.

You visited 3 branches of the dungeon, and saw 13 of its levels.
You also visited: Bailey.

You collected 553 gold pieces.

Inventory:

Hand Weapons
 b - a +0 arbalest
 K - a +2 flail of crushing (weapon)
Missiles
 q - 347 bolts
 y - 15 javelins (quivered)
Armour
 c - the +2 cloak of the Thief {+Fog Slay-2 SInv Stlth+}
   (You acquired it on level 2 of the Lair of Beasts)

   It affects your accuracy and damage with ranged weapons and melee attacks
   (-2).
   It lets you see invisible.
   It can be evoked to emit clouds of fog.
   It makes you more stealthy.
 k - +1 ice dragon scales (worn)
 r - a +0 cloak (worn)
 E - a +0 pair of boots (worn)
 I - a +0 hat (worn)
Jewellery
 e - a +1 ring of evasion (left claw)
Wands
 n - a wand of disintegration (2/24)
Scrolls
 d - 4 scrolls of identify
 g - 5 scrolls of remove curse
 l - 2 scrolls of teleportation
Potions
 a - 4 potions of curing
 h - 2 potions of agility
 u - a potion of flight
Books
 p - a manual of Fighting
 M - a manual of Armour
Comestibles
 f - 8 meat rations
 i - 11 royal jellies
 w - 10 beef jerkies


   Skills:
 + Level 12.7 Fighting
 + Level 8.2 Armour
 - Level 3.2 Dodging
 - Level 2.1 Stealth
 + Level 13.2 Unarmed Combat
 - Level 7.5 Invocations


You had 11 spell levels left.
You didn't know any spells.

Dungeon Overview and Level Annotations

Branches:
Dungeon (10/15)            Temple (1/1) D:6            Lair (2/6) D:9
  Swamp: Lair:2-4    Shoals: Lair:2-4     Snake: Lair:2-4    Spider: Lair:2-4
    Orc: D:9-12

Altars:
Ashenzari
Cheibriados
Dithmenos
Elyvilon
Fedhas
Gozag
Hepliaklqana
Kikubaaqudgha
Makhleb
Nemelex Xobeh
Okawaru
Qazlal
Ru
Sif Muna
Trog
Uskayaw
Vehumet
Xom
Yredelemnul
Zin
The Shining One


Innate Abilities, Weirdness & Mutations

Your body is rotting away.
You thrive on raw meat.
You are immune to poison.
You have sharp fingernails.
You are carnivorous and can eat meat at any time.
Your flesh is cold resistant. (rC+)
You are immune to negative energy. (rN+++)
You regenerate slowly when monsters are visible.
You are immune to unholy pain and torment.
You can survive without breathing.


Message History

The five-headed hydra misses you.
Evoke which item? (* to show all) (? for menu, Esc to quit)
Zapping:
n - a wand of disintegration {zapped: 6} (will waste charges)
Press: ? - help, Shift-Dir - straight line, f/p - five-headed hydra
Aim: a five-headed hydra (almost dead, chance to defeat MR: 30%)
The five-headed hydra easily resists.
Evoking this partially-identified wand wasted a few charges.
The yak gores you.
* * * LOW HITPOINT WARNING * * *
The five-headed hydra bites you but does no damage. x3
The five-headed hydra barely misses you.
The five-headed hydra bites you!
* * * LOW HITPOINT WARNING * * *
Okay, then.
You feel better. The yak gores you.
* * * LOW HITPOINT WARNING * * *
The five-headed hydra closely misses you.
The five-headed hydra bites you but does no damage. x2
The five-headed hydra bites you!
You die...

########....####........#
###### ####..##..# ##..##
#....#... ##.........
##.......... #...##......
##...# #..... ##D@###
#..## #.Y## ..# #..## .#
#.† #..# .... .....
...... .....


You could see a five-headed hydra and a yak.

Vanquished Creatures
  Harold (Lair:2)
  Erica (D:9)
  Sonja (Lair:1)
  An unseen horror (D:10)
  Pikel (D:7)
  A hill giant (D:10)
  An orc knight (Bailey)
  The ghost of cedor the Fiendish, a novice DsMo of Makhleb (D:8)
  2 spiny frogs (Lair:1)
  A komodo dragon (Lair:1)
  The ghost of DEFE the Ducker, a novice TeAM of Cheibriados (D:5)
  Prince Ribbit (D:7)
  A hornet (D:8)
  2 hippogriffs
  Sigmund (D:3)
  A basilisk (Lair:1)
  5 yaks (Lair:1)
  A soldier ant (D:8)
  A water moccasin (Lair:1)
  2 hell hounds (D:9)
  2 porcupines (Lair:1)
  An ice beast (D:6)
  2 sky beasts
  15 orc warriors
  2 necrophages (D:7)
  4 ogres
  2 phantoms
  4 wolves (Lair:1)
  A centaur (D:10)
  2 crocodiles
  10 bullfrogs
  A water moccasin zombie (D:5)
  A scorpion (D:5)
  3 wights
  20 killer bees
  A howler monkey (D:6)
  4 crimson imps
  3 hounds
  A quasit (D:8)
  A jelly (D:8)
  4 orc priests
  A gnoll shaman (D:4)
  Crazy Yiuf (D:3)
  Jessica (D:4)
  2 bullfrog skeletons
  Terence (D:2)
  8 orc wizards
  4 iguanas
  9 worker ants
  2 hound skeletons (D:6)
  8 gnolls
  15 adders
  A shadow imp (D:6)
  2 oozes
  An adder zombie (D:6)
  3 adder skeletons
  6 worms
  3 leopard geckos
  36 orcs
  2 ball pythons
  4 giant cockroaches
  6 goblins
  7 hobgoblins
  7 jackals (D:4)
  5 kobolds
  4 quokkas
  6 bats
  9 frilled lizards
  A quokka zombie (D:6)
  3 rats
269 creatures vanquished.

Vanquished Creatures (others)
  A necrophage (D:7)
  A crimson imp (D:7)
  A worker ant zombie (D:7)
  An orc (D:7)
4 creatures vanquished.

Grand Total: 273 creatures vanquished

Notes
Turn   | Place    | Note
-------+----------+-------------------------------------------
     0 | D:1      | mmcf the Ghoul Monk began the quest for the Orb.
     0 | D:1      | Reached XP level 1. HP: 19/19 MP: 0/0
     2 | D:1      | Noticed a troll
     4 | D:1      | Noticed a centaur
     4 | D:1      | Noticed a naga
     6 | D:1      | Noticed a halfling
     6 | D:1      | Noticed a felid
     8 | D:1      | Noticed an octopode
     8 | D:1      | Noticed a draconian
    10 | D:1      | Noticed a vine stalker
    10 | D:1      | Noticed a minotaur
    12 | D:1      | Noticed a merfolk
    12 | D:1      | Noticed a ghoul
    14 | D:1      | Noticed a tengu
    16 | D:1      | Noticed a gargoyle
    16 | D:1      | Noticed a human
    18 | D:1      | Noticed an ogre
    18 | D:1      | Noticed a demonspawn
    20 | D:1      | Noticed a spriggan
    20 | D:1      | Noticed an elf
    22 | D:1      | Noticed a dwarf
    22 | D:1      | Noticed a demigod
    24 | D:1      | Noticed a vampire
    24 | D:1      | Noticed a formicid
   297 | D:1      | Reached XP level 2. HP: 24/26 MP: 1/1
   459 | D:2      | Reached skill level 4 in Unarmed Combat
   852 | D:2      | Reached XP level 3. HP: 31/31 MP: 2/2
  1118 | D:2      | Noticed Terence
  1151 | D:2      | Killed Terence
  1151 | D:2      | Reached XP level 4. HP: 19/40 MP: 3/3
  1471 | D:2      | Found an opulent altar of Gozag.
  1741 | D:2      | Reached XP level 5. HP: 46/46 MP: 4/4
  1881 | D:3      | Reached skill level 5 in Unarmed Combat
  2026 | D:3      | Found a runed door.
  2062 | D:3      | Noticed Jessica
  2076 | D:4      | Killed Jessica
  2300 | D:3      | Reached skill level 1 in Armour
  2388 | D:3      | Noticed Sigmund
  2424 | D:3      | Killed Sigmund
  2424 | D:3      | Reached skill level 6 in Unarmed Combat
  2424 | D:3      | Reached XP level 6. HP: 14/55 MP: 5/5
  2975 | D:3      | Reached skill level 5 in Fighting
  3137 | D:3      | Noticed Crazy Yiuf
  3147 | D:3      | Killed Crazy Yiuf
  3394 | D:5      | Entered Level 5 of the Dungeon
  3398 | D:5      | Noticed DEFE's ghost (novice TeAM)
  3407 | D:4      | Reached XP level 7. HP: 50/60 MP: 6/6
  4191 | D:4      | Reached skill level 7 in Unarmed Combat
  4691 | D:5      | Reached XP level 8. HP: 58/70 MP: 7/7
  4899 | D:5      | Reached skill level 8 in Unarmed Combat
  5371 | D:5      | Killed DEFE's ghost
  5371 | D:5      | Reached skill level 9 in Unarmed Combat
  5763 | D:5      | Reached XP level 9. HP: 40/78 MP: 8/8
  6626 | D:6      | Found a staircase to the Ecumenical Temple.
  6635 | Temple   | Entered the Ecumenical Temple
  6683 | Temple   | Became a worshipper of Cheibriados the Contemplative
  6683 | Temple   | Reached * piety under Cheibriados
  6683 | Temple   | Reached ** piety under Cheibriados
  6698 | D:6      | Got a bronze leather armour
  6722 | D:6      | Identified the +2 leather armour "Cynoconn" {Stlth+} (You found it on level 6 of the Dungeon)
  6877 | D:6      | Found an iron altar of Okawaru.
  6878 | D:6      | Found a bloodstained altar of Trog.
  6889 | D:6      | Reached skill level 10 in Unarmed Combat
  6959 | D:6      | Reached skill level 5 in Armour
  7275 | D:7      | Noticed Pikel
  7293 | D:7      | Killed Pikel
  7296 | D:7      | Noticed Prince Ribbit
  7314 | D:7      | Killed Prince Ribbit
  7700 | D:7      | Got a shimmering large shield
  7706 | D:7      | Identified the +4 large shield "Murghe Henesa" {rPois rF++ rC-} (You found it on level 7 of the Dungeon)
  7926 | D:7      | Reached XP level 10. HP: 76/89 MP: 11/11
  8057 | D:7      | Reached skill level 11 in Unarmed Combat
  8061 | D:7      | Reached *** piety under Cheibriados
  8554 | D:8      | Noticed cedor's ghost (novice DsMo)
  8704 | D:8      | Killed cedor's ghost
  8725 | D:9      | Noticed Erica
  8732 | D:9      | Killed Erica
  8732 | D:9      | Reached skill level 5 in Invocations
  8938 | D:8      | Reached **** piety under Cheibriados
  9232 | D:8      | Got an iridescent shortbow
  9233 | D:8      | Identified the +4 shortbow of Death's Door {flame, *Slow rElec rF+ Str+4} (You found it on level 8 of the Dungeon)
  9825 | D:9      | Found a staircase to the Lair.
 10062 | D:10     | Entered Level 10 of the Dungeon
 10067 | D:10     | Reached skill level 10 in Fighting
 10109 | D:10     | Noticed a hill giant
 10117 | D:10     | Killed a hill giant
 10117 | D:10     | Reached skill level 12 in Unarmed Combat
 10117 | D:10     | Reached XP level 11. HP: 18/100 MP: 13/15
 10127 | D:10     | Found a flagged portal.
 10136 | Bailey   | Entered a bailey
 12318 | Bailey   | Noticed an orc knight
 12328 | Bailey   | Killed an orc knight
 12713 | D:9      | Found a shattered altar of Ashenzari.
 13044 | D:10     | Killed an unseen horror
 13241 | D:9      | Found a hazy altar of Hepliaklqana.
 13242 | D:9      | Found a white marble altar of Elyvilon.
 13242 | D:9      | Found a radiant altar of Vehumet.
 13243 | D:9      | Found a basalt altar of Yredelemnul.
 13278 | D:9      | Found a glowing golden altar of the Shining One.
 13623 | Lair:1   | Entered Level 1 of the Lair of Beasts
 13899 | Lair:1   | Noticed Harold
 13906 | Lair:1   | Noticed Sonja
 14391 | Lair:1   | Reached ***** piety under Cheibriados
 14394 | Lair:1   | Killed Sonja
 14394 | Lair:1   | Reached skill level 13 in Unarmed Combat
 14457 | Lair:2   | Identified a scroll of acquirement
 14659 | Lair:2   | Killed Harold
 14815 | Lair:1   | Noticed a five-headed hydra
 14821 | Lair:1   | Reached XP level 12. HP: 101/113 MP: 16/16
 14834 | Lair:1   | HP: 1/113 [five-headed hydra (10)]
 14835 | Lair:1   | Mangled by a five-headed hydra

Skill      XL: |  1  2  3  4  5  6  7  8  9 10 11 |
---------------+----------------------------------+-----
Unarmed Combat | 4 6 7 9 10 12 13 | 13.2
Dodging        | 3 |  3.2
Fighting       | 4 5 6 8 10 12 | 12.7
Armour         | 1 2 3 4 5 8 |  8.2
Invocations    | 3 6 7 |  7.5
Stealth        | |  2.1

Action                   |  1- 3 |  4- 6 |  7- 9 | 10-12 || total
-------------------------+-------+-------+-------+-------++-------
Melee: Unarmed           |   107 |   165 |   451 |   387 ||  1110
       Punch             |       |       |    12 |    31 ||    43
       Flail             |       |       |       |     3 ||     3
 Fire: Arbalest          |       |       |       |    28 ||    28
Invok: Slouch            |       |       |       |     4 ||     4
Evoke: Wand              |       |       |       |     4 ||     4
  Use: Scroll            |       |       |    12 |    13 ||    25
       Potion            |       |       |       |     2 ||     2
 Stab: Sleeping          |     3 |       |       |       ||     3
  Eat: Chunk             |     4 |     5 |    13 |    27 ||    49
Armor: Robe              |     3 |       |       |       ||     3
       Scale mail        |    29 |    20 |       |       ||    49
       Ice dragon scales |       |    38 |   246 |   247 ||   531
Dodge: Dodged            |    54 |    87 |   221 |   394 ||   756
